 Dungeon Crawl Stone Soup version 0.30.0-13-g156ef70053 (webtiles) character file.

Game seed: 11763697345162549325

27 Esekla the Grave Robber (level 3, -11/23 HPs)
             Began as an Octopode Necromancer on May 17, 2023.
             Killed from afar by Terence (19 damage)
             ... with a bolt of dispelling energy
             ... on level 2 of the Dungeon.
             The game lasted 00:03:30 (891 turns).

Esekla the Grave Robber (Octopode Necromancer)       Turns: 891, Time: 00:03:31

Health: -11/23     AC:  1    Str:  7    XL:     3   Next: 10%
Magic:  6/6        EV: 13    Int: 19    God:
Gold:   85         SH:  0    Dex: 12    Spells: 2/6 levels left

rFire   . . .        f - +2 dagger (speed)
rCold   . . .        (no shield)
rNeg    . . .        (helmet restricted)
rPois   .            (no amulet)
rElec   .            (no ring)
rCorr   .            (no ring)
SInv    .            (no ring)
Will    .....        (no ring)
Stlth   +++          (no ring)
HPRegen 0.23/turn    (no ring)
MPRegen 0.10/turn    (no ring)
                     (no ring)

%: no passive effects
@: no status effects
A: almost no armour, amphibious, 8 rings, camouflage 1, gelatinous body 1,
(nimble swimmer 1), tentacles
a: no special abilities


You were on level 2 of the Dungeon.
You visited 1 branch of the dungeon, and saw 2 of its levels.

You collected 85 gold pieces.

Inventory:

Hand Weapons
 f - a +2 dagger of speed (weapon)
Missiles
 e - 4 boomerangs (quivered)
 l - a throwing net
Scrolls
 d - 2 scrolls of identify {unknown}
 g - a scroll of teleportation {unknown}
 i - 2 scrolls of magic mapping {unknown}
 j - a scroll of blinking {unknown}
Potions
 a - a potion of magic
 b - 2 potions of attraction {unknown}
 c - a potion of invisibility {unknown}
 h - a potion of heal wounds {unknown}
 k - a potion of cancellation {unknown}
 m - a potion of curing {unknown}


   Skills:
 * Level 1.0 Fighting
 + Level 0.5 Short Blades
 * Level 2.3 Dodging
 + Level 2.8 Stealth
 * Level 2.1 Spellcasting
 * Level 4.3 Necromancy


You had 2 spell levels left.
You knew the following spells:

 Your Spells              Type           Power      Damage    Failure   Level
a - Necrotise             Necr           72%        1d7       2%          1
d - Vampiric Draining     Necr           18%        2d7       9%          3

Your spell library contained the following spells:

 Spells                   Type           Power      Damage    Failure   Level
 Ensorcelled Hibernation  Hex/Ice        4%         N/A       26%         2
 Passwall                 Tmut/Erth      1%         N/A       26%         2
 Animate Dead             Necr           18%        N/A       28%         4
 Swiftness                Air            2%         N/A       45%         3
 Agony                    Necr           18%        N/A       61%         5


Dungeon Overview and Level Annotations

Branches:
Dungeon (2/15)

Altars:

Annotations:
D:2 Terence


Innate Abilities, Weirdness & Mutations

You cannot wear most types of armour.
You are amphibious.
You can wear up to eight rings at the same time.
Your skin changes colour to match your surroundings (Stealth+).
Your rubbery body absorbs attacks. (AC +1, EV +1)
((You are camouflaged when in or above water. (Stealth+)))
You have tentacles for arms and can constrict up to eight enemies at once.


Message History

Done exploring.
(D) Dungeon
Where to? (? - help)
There is a stone staircase leading down here.
You climb downwards.
Found 11 gold pieces, 3 red potions, a battleaxe and a fuming silvery potion.
There is a stone staircase leading up here.
An endoplasm is nearby!
m - a red potion A quokka comes into view.
The quokka bites you. x2
You closely miss the quokka. You grab the quokka.
You constrict the quokka, but do no damage.
You hit the quokka.
The quokka is moderately wounded.
You constrict the quokka. The quokka closely misses you.
You barely miss the quokka.
The quokka is heavily wounded.
You constrict the quokka, but do no damage.
The quokka bites you.
You hit the quokka.
You kill the quokka!
You start resting.
HP restored.
You start waiting.
Done waiting.
Found 11 gold pieces.
Found a murky orange potion.
You now have 85 gold pieces (gained 11).
Terence the Incautious comes into view.
He is wielding a +0 hand axe and carrying a wand of quicksilver (7).
Terence zaps a wand.
The bolt of dispelling energy misses you.
You see here a murky orange potion.
b - 2 murky orange potions (gained 1) Terence zaps a wand.
The bolt of dispelling energy hits you!
Ouch! That really hurt!
Terence zaps a wand.
The bolt of dispelling energy hits you!!
Ouch! That really hurt!
You die...

.................. #
.#...........######....
####.###.####........#
#..##......####.###
##.....########.
#..........#......
....#####.##...## .##
#.###...######
#.##.@.......#
#.##...#####.. #......#
........# ..@.#.####
.##.#. . ## #


You could see Terence.

Vanquished Creatures
  A dart slug (D:1)
  4 ball pythons (D:1)
  An endoplasm (D:1)
  3 giant cockroaches (D:1)
  2 goblins (D:1)
  2 hobgoblins (D:1)
  2 quokkas
  2 bats (D:1)
  2 frilled lizards (D:1)
  3 rats (D:1)
  A spectral goblin (D:1)
23 creatures vanquished.

Notes
Turn   | Place    | Note
-------+----------+-------------------------------------------
     0 | D:1      | Esekla the Octopode Necromancer began the quest for the
                  | Orb.
     0 | D:1      | Reached XP level 1. HP: 11/11 MP: 3/3
   127 | D:1      | Reached XP level 2. HP: 12/18 MP: 5/5
   209 | D:1      | Found a faded altar of an unknown god.
   516 | D:1      | Reached skill level 1 in Fighting
   522 | D:1      | Reached XP level 3. HP: 19/23 MP: 6/6
   530 | D:1      | Learned a level 3 spell: Vampiric Draining
   888 | D:2      | Noticed Terence
   891 | D:2      | Killed from afar by Terence

Illustrated notes

Levels and vault maps discovered:
D:1:      psy_arrival_fountain, layout_loops_cross,
          dreamdust_ecumenical_altar_drowned_temple, minivault_4
D:2:      layout_rooms, serial_shops, shop, minmay_octomino_j4,
          uniq_crazy_yiuf_cottage, uniq_terence

Skill      XL: |  1  2 |
---------------+-------+-----
Fighting       | 1 |  1.0
Short Blades   | |  0.5
Dodging        | |  2.3
Stealth        | |  2.8
Spellcasting   | |  2.1
Necromancy     | |  4.3

Action                     || total
---------------------------++-------
  Melee: Dagger            ||    43
         Constrict         ||    15
         Tentacles         ||     9
         Unarmed           ||     2
   Stab: Sleeping          ||     4
 Armour: Skin              ||     4
  Dodge: Dodged            ||    24
